AoeStats
← Chico_zaldivar

Coastal Forest

510859861Analyzed
2v2 RM · 23h ago on Oct 2, 2026· 29m 12s· 4 players
Game mode
Random Map
Map size
Medium (4 player)
Population
200
Speed
Normal
Resources
Standard
Victory
Conquest
Starting age
Dark Age
Ending age
Imperial Age
RankedLock teamsTeams togetherTeam positionsShared explorationLock speedFull tech treeHidden civsTurbo modeCheats
Victory
Defeat
🇸🇪 Hindustanis · Sweden
1028
+15
🇸🇪 Ethiopians · Sweden
983
+17
🇨🇱 Tatars · Chile
1061
-18
🇨🇱 Inca · Chile
947
-30
Chico_zaldivar
1:09 Loom
13:27 Feudal Age
21:02 Champi Runner
22:47 Arson
Coronel Duyu
7:36 Loom
10:49 Feudal Age
11:17 Double-Bit Axe
20:30 Castle Age
19:38 Fletching
20:02 Horse Collar
21:36 Bow Saw
26:38 Bodkin Arrow
Clubmate
3:26 Loom
10:26 Feudal Age
11:34 Horse Collar
12:41 Double-Bit Axe
20:45 Castle Age
18:44 Gold Mining
21:23 Bloodlines
21:21 Scale Barding Armor
21:31 Forging
21:36 Town Watch
22:47 Husbandry
23:53 Light Cavalry
sommarG
5:45 Loom
10:18 Feudal Age
14:44 Town Watch
15:59 Fletching
16:08 Double-Bit Axe
19:09 Padded Archer Armor
22:45 Castle Age
22:03 Horse Collar
22:48 Crossbowman
23:35 Thumb Ring
28:49 Bodkin Arrow
Connection lost

Rejoining the realm…

Still unreachable

The connection could not be restored.

Session expired

The server has moved on; the page needs a fresh start.